 Dungeon Crawl Stone Soup version 0.30-a0-629-gd54f4be4f7 (webtiles) character file.

Game seed: 2005774204081330467

22045 HoaS the Marksgargoyle (level 12, -7/73 HPs)
             Began as a Gargoyle Hunter on Jan 12, 2023.
             Was a High Priest of Okawaru.
             Mangled by a skeletal warrior
             ... wielding a +0 great sword of flaming
              (14 damage)
             ... in a volcano.
             The game lasted 00:27:27 (11608 turns).

HoaS the Marksgargoyle (Gargoyle Hunter)           Turns: 11608, Time: 00:27:28

Health: -7/73      AC: 16    Str: 16    XL:     12   Next: 96%
Magic:  0/16       EV: 18    Int: 10    God:    Okawaru [*****.]
Gold:   668        SH:  0    Dex: 17    Spells: 11/11 levels left

rFire   + + .      SeeInvis .    f - +2 arbalest
rCold   x . .      Faith    .    (shield currently unavailable)
rNeg    + . .      Spirit   +    c - +0 leather armour
rPois   ∞          Reflect  .    d - +0 helmet
rElec   +          Harm     .    l - +2 cloak
rCorr   .          Rampage  .    (no gloves)
Will    .....                    (no boots)
Stlth   +++                      w - amulet of guardian spirit
HPRegen 0.32/turn                t - ring of fire
MPRegen 0.15/turn                q - ring of protection from fire

@: heroic
A: sickness immunity, AC +8, negative energy resistance 1, electricity
resistance, torment resistance 1, petrification resistance
a: Renounce Religion, Heroism, Finesse, Duel


You were in a volcano.
You worshipped Okawaru.
Okawaru was extremely pleased with you.
You visited 3 branches of the dungeon, and saw 13 of its levels.
You also visited: Sewer, Bailey and Volcano.

You collected 668 gold pieces.

Inventory:

Hand Weapons
 f - a +2 arbalest (weapon)
Armour
 c - a +0 leather armour (worn)
 d - a +0 helmet (worn)
 l - a +2 cloak (worn)
Jewellery
 o - a +4 ring of protection
 q - a ring of protection from fire (right hand)
 t - a ring of fire (left hand)
 v - a ring of ice
 w - an amulet of guardian spirit (around neck)
Wands
 r - a wand of paralysis (2)
Scrolls
 b - 2 scrolls of immolation
 j - 2 scrolls of teleportation
 u - a scroll of fear
Potions
 a - a potion of mutation
 g - 3 potions of attraction
 h - 2 potions of ambrosia
 i - 9 potions of curing
 k - a potion of invisibility
 n - a potion of cancellation
 p - a potion of haste {unknown}
 s - a potion of brilliance {unknown}
 x - 2 potions of degeneration {unknown}
Miscellaneous
 m - a phantom mirror


   Skills:
 * Level 8.1(13.1) Fighting
 - Level 18.0(23.0) Ranged Weapons
 * Level 6.1(11.1) Dodging
 - Level 1.1(6.1) Stealth
 + Level 6.2 Invocations


You had 11 spell levels left.
You didn't know any spells.
Your spell library contained the following spells:

 Spells                   Type           Power      Damage    Failure   Level
 Blink                    Tloc           0%         N/A       56%         2
 Momentum Strike          Conj/Tloc      0%         3d8       56%         2
 Lesser Beckoning         Tloc           0%         N/A       80%         3
 Portal Projectile        Hex/Tloc       0%         N/A       80%         3
 Stone Arrow              Conj/Erth      0%         3d7       80%         3
 Anguish                  Hex/Necr       0%         N/A       99%         4
 Manifold Assault         Tloc           0%         N/A       99%         4
 Enfeeble                 Hex            0%         N/A       100%        7
 Orb of Destruction       Conj           0%         9d5       100%        7
 Lehudib's Crystal Spear  Conj/Erth      0%         10d2      100%        8
 Summon Guardian Golem    Hex/Summ       Unusable   N/A       N/A         3
 Animate Armour           Summ/Erth      Unusable   N/A       N/A         4
 Spellforged Servitor     Conj/Summ      Unusable   N/A       N/A         7

Dungeon Overview and Level Annotations

Branches:
Dungeon (8/15)             Temple (1/1) D:6            Lair (4/5) D:8
 Shoals (0/4) Lair:3       Spider (0/4) Lair:3        Sewer (visited)
 Bailey (visited)         Volcano (1/1)
  Slime: Lair:4-5

Altars:
Ashenzari
Cheibriados
Dithmenos
Fedhas
Hepliaklqana
Kikubaaqudgha
Makhleb
Nemelex Xobeh
Okawaru
Qazlal
Ru
Sif Muna
Uskayaw
Vehumet
Wu Jian
Xom
Yredelemnul
Zin
The Shining One

Shops:
D:3 =

Annotations:
D:3 3 runed translucent doors, ma3's ghost, amateur KoEn
D:5 3 runed translucent doors, Leeroy's ghost, amateur KoEn; Stoves66's ghost, novice DEIE; eyesofgods1's ghost, novice DEHu
D:7 1 runed translucent door
Lair:2 Gastronok


Innate Abilities, Weirdness & Mutations

You are immune to sickness and miasma.
Your stone body is resilient. (AC +8)
You are immune to poison.
You resist negative energy. (rN+)
You are resistant to electric shocks. (rElec)
You are resistant to unholy torment.
You are immune to petrification.


Message History

There is an open door here.
In the distance, the volcano erupts with a roar.
As you open the door, it creaks loudly!
There is an open door here.
You open the door.
A skeletal warrior comes into view.
It is wielding a +0 great sword of flaming.
You shoot a bolt. The bolt hits the skeletal warrior!
The skeletal warrior is lightly damaged.
The skeletal warrior hits you with a +0 great sword of flaming!
You shoot a bolt.
The bolt closely misses the skeletal warrior.
The skeletal warrior barely misses you.
You shoot a bolt.
The bolt hits the skeletal warrior but does no damage.
The skeletal warrior is lightly damaged.
The skeletal warrior hits you with a +0 great sword of flaming!!
The skeletal warrior burns you.
You are too injured to fight recklessly!
You are too injured to fight recklessly!
You are too injured to fight recklessly!
You gain the combat prowess of a mighty hero.
The skeletal warrior barely misses you.
You shoot a bolt. The bolt hits the skeletal warrior!
The skeletal warrior is moderately damaged.
The skeletal warrior closely misses you.
You shoot a bolt.
The bolt barely misses the skeletal warrior.
The skeletal warrior hits you but does no damage.
You shoot a bolt. The bolt hits the skeletal warrior!
The skeletal warrior is heavily damaged.
The skeletal warrior hits you with a +0 great sword of flaming!
The skeletal warrior burns you.
You shoot a bolt.
The bolt closely misses the skeletal warrior.
The skeletal warrior hits you with a +0 great sword of flaming!!
* * * LOW HITPOINT WARNING * * *
The skeletal warrior burns you.
* * * LOW HITPOINT WARNING * * *
The skeletal warrior hits you with a +0 great sword of flaming!
You die...

............##
###.#..#.###. #####
#......')..
#...#####.#..#.###.
#................##
#...#####......####
###### ##.##.##
#.z.^+ #.##.#
###@#######.##.#
#...#...#...##..
#...'...#...##.
+...#...'...#
#############


You could see a skeletal warrior.

Vanquished Creatures
  3 hydras
  A death yak (D:7)
  Nergalle (Lair:1)
  A skeletal warrior (Volcano)
  Pikel (D:7)
  An anaconda skeleton (Volcano)
  An ugly thing (D:7)
  6 elephants
  2 merfolk sirens (Lair:3)
  A torpor snail (Lair:3)
  2 gargoyles (Volcano)
  4 cane toads
  3 komodo dragons (Lair:3)
  2 merfolk (Lair:3)
  10 blink frogs
  A harpy skeleton (Volcano)
  3 dream sheep (Lair:3)
  Sigmund (D:2)
  4 jumping spiders (Lair:3)
  3 flying skulls (Volcano)
  A culicivora (Lair:3)
  An alligator skeleton (Volcano)
  19 yaks
  4 humans (Bailey)
  A basilisk (Lair:3)
  7 water moccasins
  2 ice beasts (D:6)
  Pargi (Sewer)
  A sky beast (D:7)
  3 ogres
  2 centaurs
  A phantom (D:5)
  3 lemures (D:7)
  A necrophage (D:5)
  16 bullfrogs
  2 scorpions
  3 wights (D:7)
  A howler monkey (D:6)
  3 spriggan skeletons (Volcano)
  2 jellies
  A hound (D:4)
  4 orc priests
  Crazy Yiuf (D:2)
  Jessica (D:2)
  3 iguanas
  4 orc wizards
  A hell rat (Lair:1)
  3 naga skeletons (Volcano)
  Robin (D:2)
  2 adders (D:3)
  4 gnolls
  2 river rats (D:8)
  2 shadow imps
  3 white imps
  An ufetubus (D:4)
  3 worms (D:3)
  4 dart slugs
  19 orcs
  4 bats
  11 endoplasms
  5 giant cockroaches
  22 goblins
  10 hobgoblins
  3 jackals (D:4)
  7 kobolds
  4 ball pythons
  A frilled lizard (D:3)
  10 rats
261 creatures vanquished.

Vanquished Creatures (others)
  18 fungi
  11 plants
29 creatures vanquished.

Grand Total: 290 creatures vanquished

Notes
Turn   | Place    | Note
-------+----------+-------------------------------------------
     0 | D:1      | HoaS the Gargoyle Hunter began the quest for the Orb.
     0 | D:1      | Reached XP level 1. HP: 12/12 MP: 1/1
   170 | D:1      | Reached XP level 2. HP: 16/17 MP: 2/2
   248 | D:1      | Found a faded altar of an unknown god.
   577 | D:2      | Reached XP level 3. HP: 21/21 MP: 3/3
   603 | D:2      | Reached skill level 5 in Ranged Weapons
   684 | D:2      | Noticed Jessica
   687 | D:2      | Killed Jessica
   810 | D:2      | Reached XP level 4. HP: 26/26 MP: 4/4
   815 | D:2      | Noticed Robin
   861 | D:2      | Killed Robin
   964 | D:2      | Noticed Sigmund
   985 | D:3      | Found a shimmering blue altar of Sif Muna.
  1042 | D:3      | Found a glowing drain.
  1053 | D:3      | Reached skill level 6 in Ranged Weapons
  1065 | Sewer    | Entered a sewer
  1159 | Sewer    | Noticed Pargi
  1162 | Sewer    | Killed Pargi
  1163 | Sewer    | Reached XP level 5. HP: 28/30 MP: 5/5
  1608 | D:3      | Reached skill level 7 in Ranged Weapons
  1612 | D:3      | Found a runed translucent gate.
  1613 | D:3      | Found a runed translucent gate.
  1613 | D:3      | Found a runed translucent gate.
  1616 | D:3      | Noticed ma3's ghost (amateur KoEn)
  1665 | D:3      | Reached XP level 6. HP: 35/35 MP: 6/6
  1788 | D:3      | Found Mobur's Jewellery Shoppe.
  2291 | D:2      | Killed Sigmund
  2292 | D:2      | Reached skill level 8 in Ranged Weapons
  2661 | D:2      | Found a runed translucent door.
  2662 | D:2      | Noticed Crazy Yiuf
  2670 | D:2      | Killed Crazy Yiuf
  2822 | D:4      | Reached XP level 7. HP: 36/40 MP: 7/7
  3063 | D:4      | Reached skill level 9 in Ranged Weapons
  3544 | D:5      | Entered Level 5 of the Dungeon
  3544 | D:5      | Found a glowing silver altar of Zin.
  3546 | D:5      | Found an ancient bone altar of Kikubaaqudgha.
  3553 | D:5      | Found an iron altar of Okawaru.
  3556 | D:5      | Found a hide-covered altar of Uskayaw.
  3558 | D:5      | Found a blossoming altar of Fedhas.
  3562 | D:5      | Found a sparkling altar of Nemelex Xobeh.
  3726 | D:5      | Reached XP level 8. HP: 41/44 MP: 8/8
  3973 | D:5      | Found a broken altar of Ashenzari.
  4031 | D:5      | Reached skill level 10 in Ranged Weapons
  4118 | D:5      | Found a runed translucent gate.
  4119 | D:5      | Found a runed translucent gate.
  4119 | D:5      | Found a runed translucent gate.
  4120 | D:5      | Noticed Stoves66's ghost (novice DEIE)
  4120 | D:5      | Noticed eyesofgods1's ghost (novice DEHu)
  4120 | D:5      | Noticed Leeroy's ghost (amateur KoEn)
  4160 | D:5      | Found a glowing golden altar of the Shining One.
  4634 | D:6      | Found an ornate altar of the Wu Jian Council.
  4885 | D:6      | Reached skill level 11 in Ranged Weapons
  5154 | D:6      | Reached XP level 9. HP: 41/48 MP: 9/9
  5247 | D:6      | Found a staircase to the Ecumenical Temple.
  5489 | Temple   | Entered the Ecumenical Temple
  5869 | D:7      | Found a runed translucent door.
  5869 | D:7      | Noticed a sixfirhy
  5877 | D:7      | Reached skill level 12 in Ranged Weapons
  6093 | D:7      | Found a flagged portal.
  6110 | Bailey   | Entered a bailey
  6263 | Bailey   | Reached skill level 13 in Ranged Weapons
  6592 | Bailey   | Reached skill level 14 in Ranged Weapons
  6596 | Bailey   | Reached XP level 10. HP: 25/53 MP: 10/10
  6679 | Bailey   | Noticed Prince Ribbit
  6685 | Bailey   | Noticed a vault guard
  6829 | D:7      | Noticed Pikel
  6836 | D:7      | Killed Pikel
  6855 | D:7      | Noticed a cyan ugly thing
  7071 | D:5      | Became a worshipper of Warmaster Okawaru
  7407 | D:7      | Killed a cyan ugly thing
  7408 | D:7      | Reached skill level 15 in Ranged Weapons
  7408 | D:7      | Reached skill level 1 in Invocations
  7452 | D:8      | Found a staircase to the Lair.
  7453 | D:8      | Noticed a death yak
  7454 | D:8      | Noticed a death yak
  7454 | D:8      | Noticed a death yak
  7497 | D:7      | Reached * piety under Okawaru
  7814 | D:7      | HP: 1/53 [death yak (19)]
  7815 | D:7      | Killed a death yak
  7815 | D:7      | Reached ** piety under Okawaru
  8075 | Lair:1   | Entered Level 1 of the Lair of Beasts
  8133 | Lair:1   | Noticed Nergalle
  8159 | Lair:1   | Killed Nergalle
  8160 | Lair:1   | Reached skill level 16 in Ranged Weapons
  8390 | Lair:1   | Noticed an elephant
  8390 | Lair:1   | Noticed an elephant
  8487 | Lair:1   | Got the Papyrus of Correspondence
  8732 | Lair:1   | Reached XP level 11. HP: 57/57 MP: 13/13
  9018 | Lair:1   | Reached *** piety under Okawaru
  9139 | Lair:1   | Reached skill level 17 in Ranged Weapons
  9501 | Lair:2   | Noticed Gastronok
  9728 | Lair:3   | Reached **** piety under Okawaru
  9963 | Lair:3   | Noticed a six-headed hydra
  9970 | Lair:3   | Killed a six-headed hydra
 10040 | Lair:3   | Reached skill level 18 in Ranged Weapons
 10074 | Lair:3   | Reached ***** piety under Okawaru
 10155 | Lair:3   | Reached XP level 12. HP: 54/66 MP: 14/14
 10195 | Lair:3   | Received a gift from Okawaru
 10213 | Lair:3   | Found a staircase to the Shoals.
 10280 | Lair:3   | Noticed a five-headed hydra
 10290 | Lair:3   | Killed a five-headed hydra
 10291 | Lair:3   | Reached skill level 5 in Fighting
 10870 | Lair:3   | Reached skill level 5 in Invocations
 11040 | Lair:3   | Reached ****** piety under Okawaru
 11048 | Lair:3   | Found a hole to the Spider Nest.
 11101 | Lair:4   | Noticed a six-headed hydra
 11112 | Lair:4   | Killed a six-headed hydra
 11113 | Lair:4   | Reached skill level 5 in Dodging
 11267 | Lair:4   | Identified the +10 short sword of Megalomania {antimagic,
                  | Str+3 Int+6 Dex+3 SInv} (Okawaru gifted it to you on level
                  | 4 of the Lair of Beasts)
 11267 | Lair:4   | Received a gift from Okawaru
 11306 | Lair:4   | Found a dark tunnel.
 11314 | Volcano  | Entered a volcano
 11608 | Volcano  | Mangled by a skeletal warrior

Illustrated notes

Levels and vault maps discovered:
D:1:      minmay_arrival_four_circles, layout_loops_ring,
          hellmonk_ecumenical_altar_heavens_door,
          corexii_item_surrounded_by_moat
D:2:      layout_basic, feat_on_display, uniq_robin, uniq_sigmund,
          uniq_crazy_yiuf_cottage, uniq_jessica
D:3:      minmay_evil_eye, layout_loops_ring, pf_just_have_faith,
          gammafunk_ghost_necromancy, serial_shops,
          nicolae_shop_window_shopping, cheibrodos_sewer_entry_bend
D:4:      layout_loops_ring
D:5:      layout_basic, mainiacjoe_overflow_brackets,
          lemuel_coloured_pillars_altar, nicolae_overflow_hallway_of_the_gods,
          gammafunk_ghost_cemetery
D:6:      layout_cave_pods, kennysheep_mini, minmay_temple_entry_fiery
D:7:      cheibrodos_shockbox, layout_basic, enter_bailey_4, uniq_pikel
D:8:      layout_loops_cross, dpeg_lair_monsters, uniq_prince_ribbit1
Temple:   nicolae_temple_bog_church
Lair:1:   wander_river, layout_regular_city, minivault_27, uniq_nergalle
Lair:2:   minmay_lair_venomous_thicket, layout_chaotic_city, st_stairs_10,
          pdpol_lair_neglected_garden, grunt_forest_large_clearings,
          uniq_gastronok
Lair:3:   layout_loops_ring, elwin_shoals_entry_stream,
          spider_nest_entry_funnel_web, minmay_stone_trees_small
Lair:4:   layout_regular_city, enter_volcano_2, tgw_fedhas
Volcano:  volcano_tomb [vts_chambers]

Skill      XL: |  1  2  3  4  5  6  7  8  9 10 11 12 |
---------------+-------------------------------------+-----
Ranged Weapons | 5 6 7 8 9 11 14 16 18 | 18.0
Invocations    | 3 6 |  6.2
Dodging        | 2 6 |  6.1
Fighting       | 3 8 |  8.1
Stealth        | |  1.1

Action                   |  1- 3 |  4- 6 |  7- 9 | 10-12 || total
-------------------------+-------+-------+-------+-------++-------
 Fire: Shortbow          |    39 |       |       |       ||    39
       Arbalest          |     8 |   113 |   303 |   600 ||  1024
Invok: Heroism           |       |       |       |     4 ||     4
       Finesse           |       |       |       |     1 ||     1
Evoke: Phantom mirror    |       |     1 |       |     1 ||     2
  Use: Scroll            |     4 |     7 |     7 |     9 ||    27
       Potion            |       |     1 |     3 |       ||     4
Armor: Leather armour    |     6 |    25 |   142 |   187 ||   360
Dodge: Dodged            |    13 |    25 |   199 |   250 ||   487

Table legend: (Time is in decaauts)
 A = Elapsed time spent in this place.
 B = Non-inter-level travel time spent in this place.
 C = Inter-level travel time spent in this place.
 D = Time resting spent in this place.
 E = Time spent auto-exploring this place.
 F = Levels seen in this place.
 G = Mean time per level.
                   A        B        C        D        E       F      G
               +--------+--------+--------+--------+--------+-----+--------+
         Total |  11893 |  11068 |    825 |   2373 |   6134 |  16 |  743.3 |
       Dungeon |   7362 |   6602 |    760 |    887 |   4290 |   8 |  920.2 |
        Temple |    190 |    173 |     17 |      0 |    164 |   1 |  190.0 |
          Lair |   3270 |   3223 |     47 |   1045 |   1403 |   4 |  817.5 |
         Sewer |    169 |    169 |      0 |      0 |    110 |   1 |  169.0 |
        Bailey |    620 |    620 |      0 |    366 |     56 |   1 |  620.0 |
       Volcano |    280 |    280 |      0 |     75 |    110 |   1 |  280.0 |
               +--------+--------+--------+--------+--------+-----+--------+

Top non-repeatable levels by time:
     D:7: 1498 daAuts
  Lair:3: 1488 daAuts
  Lair:1: 1477 daAuts
     D:5: 1140 daAuts
     D:3: 1140 daAuts
     D:6: 1062 daAuts
     D:2: 993 daAuts
     D:4: 798 daAuts
  Bailey: 620 daAuts
     D:1: 576 daAuts
 Volcano: 280 daAuts
  Lair:4: 220 daAuts
  Temple: 190 daAuts
   Sewer: 169 daAuts
     D:8: 152 daAuts
